 Dungeon Crawl Stone Soup version 0.31-a0-692-gf03d1854d5 (webtiles) character file.

Game seed: 12266497950325069784

54 qw the Shooter (level 3, -4/23 HPs)
             Began as a Gargoyle Hunter on Sept 6, 2023.
             Slain by a goblin
             ... wielding a +0 club
             ... led by Robin
              (6 damage)
             ... on level 2 of the Dungeon.
             The game lasted 00:00:23 (935 turns).

qw the Shooter (Gargoyle Hunter)                     Turns: 935, Time: 00:00:23

Health: -4/23      AC:  6    Str: 14    XL:     3   Next: 91%
Magic:  3/3        EV: 11    Int:  9    God:
Gold:   94         SH:  0    Dex: 15    Spells: 2/2 levels left

rFire   . . .        Y - +0 shortbow
rCold   . . .        (shield currently unavailable)
rNeg    + . .        c - +0 leather armour
rPois   inf          (no helmet)
rElec   +            (no cloak)
rCorr   .            (no gloves)
SInv    .            (no boots)
Will    .....        (no amulet)
Stlth   ++           (no ring)
HPRegen 0.23/turn    (no ring)
MPRegen 0.08/turn

%: no passive effects
@: no status effects
A: sickness immunity, AC +3, negative energy resistance 1, electricity
resistance, torment resistance 1, petrification resistance
a: no special abilities


You were on level 2 of the Dungeon.
You visited 1 branch of the dungeon, and saw 2 of its levels.

You collected 94 gold pieces.


Innate Abilities, Weirdness & Mutations

You are immune to sickness and miasma.
Your stone body is resilient. (AC +3)
You are immune to poison.
You resist negative energy. (rN+)
You are resistant to electric shocks. (rElec)
You are resistant to unholy torment.
You are immune to petrification.


   Skills:
 - Level 3.1 Fighting
 + Level 5.0 Ranged Weapons
 - Level 1.5 Dodging
 - Level 1.1 Stealth


You had 2 spell levels left.
You didn't know any spells.
Your spell library was empty.

Inventory:

Hand Weapons
 Y - a +0 shortbow (weapon)
Armour
 a - a +0 ring mail
 c - a +0 leather armour (worn)
 h - a +0 pair of gloves
 j - a +0 cloak
Jewellery
 b - a +6 ring of dexterity
Scrolls
 i - 2 scrolls of identify {unknown}
Potions
 d - a potion of might {unknown}
 e - a potion of enlightenment {unknown}
 f - a potion of brilliance {unknown}
 g - a potion of curing

Dungeon Overview and Level Annotations

Branches:
Dungeon (2/15)

Altars:
Makhleb

Annotations:
D:2 1 runed translucent door, Crazy Yiuf


Message History

The goblin shouts!
The arrow hits the goblin.
You kill the goblin!
The goblin barely misses you.
You shoot an arrow. The arrow closely misses the goblin.
The arrow hits the goblin.
You kill the goblin!
The goblin closely misses you.
You shoot an arrow. The arrow closely misses the goblin.
The arrow barely misses the goblin.
Robin roars a battlecry!
The goblins go into a battle-frenzy!
The goblin closely misses you. The goblin hits you with a +0 club. x2
You shoot an arrow. The arrow barely misses the goblin.
The arrow hits the goblin!
You kill the goblin!
The goblin barely misses you.
You shoot an arrow. The arrow closely misses the goblin.
The goblin completely misses you. The goblin barely misses you.
You shoot an arrow. The arrow barely misses Robin.
Robin throws the goblin at you! The goblin hits you with a +0 club. x2
You shoot an arrow. The arrow hits Robin.
Robin is moderately wounded.
Robin throws the goblin at you! The goblin closely misses you.
The goblin misses you.
You shoot an arrow. The arrow hits Robin.
Robin is severely wounded.
Robin hits you but does no damage. The goblin hits you with a +0 club.
The goblin barely misses you.
You shoot an arrow. The arrow barely misses Robin.
Robin hits you but does no damage. The goblin closely misses you.
The goblin hits you but does no damage. Robin hits you with a +0 club.
The goblin barely misses you. The goblin hits you with a +0 club.
You shoot an arrow. The arrow hits Robin.
You kill Robin!
The goblin closely misses you. The goblin barely misses you.
Your Fighting skill increases to level 3!
You shoot an arrow. The arrow barely misses the goblin.
The goblin barely misses you. The goblin hits you with a +0 club.
You die...

############ #######
#......%...###.....#
####......)%..##....().
#......................
#.....)[......#........
#......###.####........
#......# #.# #........
#####gg# #..###........
#.@# ##............
#.)# #####........ ##).
#........ #)..
##........ #..._
............
#.................
#)..)(....##.....#
#.#..#.......#..##
.....#####.#


You could see 2 goblins.

Vanquished Creatures
  Robin (D:2)
  A dart slug (D:1)
  4 ball pythons
  2 bats
  2 endoplasms (D:1)
  A giant cockroach (D:1)
  8 goblins
  6 hobgoblins
  4 kobolds
  2 quokkas (D:1)
  A frilled lizard (D:1)
  3 rats
35 creatures vanquished.

Notes
Turn   | Place    | Note
-------+----------+-------------------------------------------
     0 | D:1      | qw the Gargoyle Hunter began the quest for the Orb.
     0 | D:1      | Reached XP level 1. HP: 12/12 MP: 1/1
     0 | D:1      | 0 ||| qw: Version: 0.3-a-76-g4403597
     0 | D:1      | 0 ||| qw: Game counter: 72
     0 | D:1      | 0 ||| qw: Melee chars always use a shield: true
     0 | D:1      | 0 ||| qw: God list: Okawaru
     0 | D:1      | 0 ||| qw: Allow faded altars: false
     0 | D:1      | 0 ||| qw: Do Orc after clearing Dungeon:15 true
     0 | D:1      | 0 ||| qw: Do second Lair branch before Depths: true
     0 | D:1      | 0 ||| qw: Lair rune preference: random
     0 | D:1      | 0 ||| qw: Goals: Normal
     0 | D:1      | 0 ||| PLANNING D:1-11
   127 | D:1      | Reached XP level 2. HP: 17/17 MP: 2/2
   517 | D:1      | 517 ||| READING scroll labelled EJUES VOTEAFI.
   521 | D:1      | 521 ||| READING scroll labelled QOPHOSKAYG.
   522 | D:1      | 522 ||| DRINKING 2 gluggy clear potions.
   523 | D:1      | 523 ||| DROPPING scroll of butterflies.
   624 | D:2      | Reached XP level 3. HP: 21/21 MP: 3/3
   661 | D:2      | Found a faded altar of an unknown god.
   697 | D:2      | Reached skill level 5 in Ranged Weapons
   838 | D:2      | Found a runed translucent door.
   839 | D:2      | Noticed Crazy Yiuf
   919 | D:2      | Found a burning altar of Makhleb.
   923 | D:2      | Noticed Robin
   933 | D:2      | HP: 5/22 [Robin/+0 club (2)]
   933 | D:2      | HP: 2/22 [goblin/+0 club[Robin] (3)]
   934 | D:2      | Killed Robin
   935 | D:2      | Reached skill level 3 in Fighting
   935 | D:2      | Slain by a goblin

Levels and vault maps discovered:
D:1:      mrwooster_arrival_statue, layout_loops_cross
D:2:      layout_rooms, basic_altar, ebering_ecumenical_altar_rust,
          chequers_hall_statues_corner_a, uniq_robin, uniq_crazy_yiuf_cottage

Skill      XL: |  1  2  3 |
---------------+----------+-----
Ranged Weapons | 5 |  5.0
Fighting       | 3 |  3.1
Dodging        | |  1.5
Stealth        | |  1.1

Action                     || total
---------------------------++-------
   Fire: Shortbow          ||    95
    Use: Scroll            ||     2
         Potion            ||     1
 Armour: Leather armour    ||    30
  Dodge: Dodged            ||    31

Table legend:
 A = Non-vault XP
 B = Vault XP
 C = Vault XP percentage of total XP
 D = Non-vault monster count
 E = Vault monster count
 F = Vault count percentage of total count
                 A         B        C        D         E       F
            +---------+---------+-------+---------+---------+-------
      Total |      46 |      32 |  41.0 |      25 |      10 |  28.6
            +---------+---------+-------+---------+---------+-------
        D:1 |      30 |       0 |   0.0 |      15 |       0 |   0.0
        D:2 |      16 |      32 |  66.7 |      10 |      10 |  50.0
            +---------+---------+-------+---------+---------+-------
